 Dungeon Crawl Stone Soup version 0.25-a0-464-g3004169c2b (webtiles) character file.

Game seed: 9177009977463780490, levelgen mode: deterministic

98 Gargoyl the Distorting Centaur (level 4, -1/42 HPs)
             Began as a Centaur Abyssal Knight on Feb 4, 2020.
             Was a Believer of Lugonu.
             Killed by divine providence
             ... invoked by an orc priest
              (9 damage)
             ... on level 3 of the Dungeon.
             The game lasted 00:03:08 (1840 turns).

Gargoyl the Distorting Centaur (CeAK)               Turns: 1840, Time: 00:03:09

Health: -1/42      AC: 11    Str: 14    XL:     4   Next: 44%
Magic:  4/8        EV:  3    Int: 11    God:    Lugonu [**....]
Gold:   101        SH:  0    Dex: 10    Spells: 3/3 levels left

rFire    . . .     SeeInvis .   a - +2 hand axe
rCold    . . .     Gourm    .   (no shield)
rNeg     . . .     Faith    .   g - +0 plate armour
rPois    .         Spirit   .   (helmet restricted)
rElec    .         Reflect  .   (no cloak)
rCorr    .         Harm     .   (no gloves)
MR       .....                  (no barding)
Stlth    ..........             j - amulet of the acrobat
HPRegen  0.14/turn              (no ring)
MPRegen  0.11/turn              (no ring)

@: lethally poisoned (-1 -> -3), very quick
A: large, antennae 1, hooves 3, iridescent scales 1, deformed body, speed 2,
tough skin 3
a: Depart the Abyss, Bend Space, Renounce Religion


You were on level 3 of the Dungeon.
You worshipped Lugonu.
Lugonu was pleased with you.
You were hungry.

You visited 1 branch of the dungeon, and saw 3 of its levels.
You visited the Abyss 1 time.

You collected 101 gold pieces.

Inventory:

Hand Weapons
 a - a +2 hand axe (weapon)
Armour
 g - a +0 plate armour (worn)
Jewellery
 j - an amulet of the acrobat (around neck)
Scrolls
 b - a scroll of identify
 e - a scroll of remove curse
Potions
 i - a potion of invisibility {unknown}
Comestibles
 c - 3 rations


   Skills:
 + Level 5.0 Fighting
 + Level 3.8 Axes
 + Level 3.5 Throwing
 * Level 4.0 Armour
 * Level 3.7 Dodging
 * Level 5.8 Invocations


You had 3 spell levels left.
You didn't know any spells.
Your spell library was empty.

Dungeon Overview and Level Annotations

Branches:
Dungeon (3/15)

Altars:


Innate Abilities, Weirdness & Mutations

You have hooves in place of feet.
Armour fits poorly on your strangely shaped body.
You cover ground very quickly.
You have extremely tough skin. (AC +3)
You have a pair of small antennae on your head.
You are partially covered in iridescent scales. (AC +2)


Message History

You feel sick.
A hobgoblin comes into view.
The hobgoblin shouts!
An orc comes into view. It is wielding a +0 hand axe.
The orc shouts!
An orc priest comes into view. It is wielding a +0 dagger.
The orc priest shouts!
An orc priest comes into view. It is wielding a +0 flail.
The orc priest shouts!
A hobgoblin comes into view.
The hobgoblin shouts!
A goblin comes into view.
The goblin shouts!
The orc priest invokes the aid of Beogh against you.
Pain shoots through your body!
* * * LOW HITPOINT WARNING * * *
The hobgoblin barely misses you.
The orc priest calls down the wrath of Beogh upon you.
Beogh smites you!
You die...

# .###. ..$.
#o.. #..g#
#o..o########
#gg@......#
#.#######..
w. #.. ... .#


You could see 2 orc priests, a dart slug, an orc, 2 hobgoblins and a goblin.

Vanquished Creatures
  4 leopard geckos
  3 ball pythons
  A giant cockroach (D:1)
  5 goblins
  3 hobgoblins
  11 kobolds
  A quokka (D:2)
  4 bats
  8 frilled lizards
  5 rats
45 creatures vanquished.

Notes
Turn   | Place    | Note
-------+----------+-------------------------------------------
     0 | Abyss:1  | Gargoyl the Centaur Abyssal Knight began the quest for the
                  | Orb.
     0 | Abyss:1  | Reached XP level 1. HP: 19/19 MP: 2/2
    54 | Abyss:1  | Noticed a small abomination
    57 | Abyss:1  | Gained mutation: You are partially covered in slimy green
                  | scales. (AC +2) [potion of mutation]
    57 | Abyss:1  | Gained mutation: You have a pair of small horns on your
                  | head. [potion of mutation]
    77 | Abyss:1  | Noticed a spatial maelstrom
    80 | Abyss:1  | Noticed a spatial vortex
    88 | D:1      | Escaped the Abyss
   118 | D:1      | Reached * piety under Lugonu
   362 | D:1      | Reached XP level 2. HP: 26/26 MP: 3/3
  1053 | D:2      | Reached skill level 1 in Dodging
  1215 | D:2      | Reached XP level 3. HP: 31/31 MP: 4/4
  1316 | D:2      | Reached ** piety under Lugonu
  1408 | D:2      | Noticed an ogre
  1626 | D:2      | Lost mutation: You have a pair of small horns on your head.
                  | [potion of mutation]
  1626 | D:2      | Lost mutation: You are partially covered in slimy green
                  | scales. (AC +2) [potion of mutation]
  1626 | D:2      | Gained mutation: You passively map a small area around you.
                  | [potion of mutation]
  1626 | D:2      | Gained mutation: You have a pair of small horns on your
                  | head. [potion of mutation]
  1627 | D:2      | Lost mutation: You have a pair of small horns on your head.
                  | [potion of mutation]
  1627 | D:2      | Lost mutation: You passively map a small area around you.
                  | [potion of mutation]
  1627 | D:2      | Gained mutation: You are partially covered in iridescent
                  | scales. (AC +2) [potion of mutation]
  1627 | D:2      | Gained mutation: You have a pair of small antennae on your
                  | head. [potion of mutation]
  1837 | D:3      | Reached skill level 5 in Fighting
  1837 | D:3      | Reached skill level 5 in Invocations
  1837 | D:3      | Reached XP level 4. HP: 15/42 MP: 4/8
  1840 | D:3      | Killed from afar by an orc priest

Levels and vault maps discovered:
D:1:      minmay_arrival_jagged, layout_loops_corners, minmay_tree_intersection
D:2:      minmay_diamond_boxcup, layout_rooms
D:3:      layout_rooms, gammafunk_ghost_nasty_kobolds, first_ration

Skill      XL: |  1  2  3 |
---------------+----------+-----
Dodging        | 1 3 |  3.7
Axes           | 2 3 |  3.8
Fighting       | 5 |  5.0
Throwing       | 3 |  3.5
Armour         | 4 |  4.0
Invocations    | 5 |  5.8

Action                   |  1- 3 |  4- 6 || total
-------------------------+-------+-------++-------
Melee: Hand axe          |   119 |     2 ||   121
       Kick              |    16 |       ||    16
       Headbutt          |     7 |       ||     7
Invok: Depart the Abyss  |     1 |       ||     1
  Use: Scroll            |     5 |     1 ||     6
       Potion            |     4 |       ||     4
  Eat: Chunk             |     1 |       ||     1
Armor: Leather armour    |     9 |       ||     9
       Plate armour      |    74 |     2 ||    76
Dodge: Dodged            |    29 |     3 ||    32

Table legend:
 A = Non-vault XP
 B = Vault XP
 C = Vault XP percentage of total XP
 D = Non-vault monster count
 E = Vault monster count
 F = Vault count percentage of total count
                 A         B        C        D         E       F
            +---------+---------+-------+---------+---------+-------
      Total |      53 |      13 |  19.7 |      36 |       9 |  20.0
            +---------+---------+-------+---------+---------+-------
        D:1 |      26 |       0 |   0.0 |      17 |       0 |   0.0
        D:2 |      24 |      13 |  35.1 |      17 |       9 |  34.6
        D:3 |       3 |       0 |   0.0 |       2 |       0 |   0.0
            +---------+---------+-------+---------+---------+-------
